 Dungeon Crawl Stone Soup version 0.21.1-1-g345015fe64 (webtiles) character file.

4139 Mrkan the Anamnesiscian (level 10, 0/91 HPs)
             Began as a Troll Monk on May 10, 2018.
             Was an Elder of Hepliaklqana.
             Slain by a killer bee (2 damage)
             ... on level 8 of the Dungeon.
             The game lasted 00:15:01 (5781 turns).

Mrkan the Anamnesiscian (Troll Monk)                Turns: 5781, Time: 00:15:02

Health: 0/91       AC:  5    Str: 21    XL:     10   Next: 7%
Magic:  14/16      EV: 11    Int:  6    God:    Hepliaklqana [****..]
Gold:   350        SH:  0    Dex: 15    Spells: 9/9 levels left

rFire    . . .     SeeInvis .     - Unarmed
rCold    . . .     Gourm    +   (no shield)
rNeg     . . .     Faith    +   a - +0 robe
rPois    +         Spirit   .   (helmet restricted)
rElec    .         Reflect  .   (no cloak)
rCorr    .         Harm     .   (gloves unavailable)
MR       .....                  (boots unavailable)
Stlth    ++........             f - amulet of faith
HPRegen  0.65/turn              k - ring of poison resistance
MPRegen  0.15/turn              (no ring)

@: lethally poisoned (0 -> -1)
A: large, unfitting armour, reduced essence, claws 3, fast metabolism 3,
gourmand, regeneration 1, shaggy fur 1, tough skin 2
a: Recall Ancestor, Ancestor Identity, Transference, Idealise, Renounce Religion


You were on level 8 of the Dungeon.
You worshipped Hepliaklqana.
Hepliaklqana was greatly pleased with you.
You were completely stuffed.

You visited 1 branch of the dungeon, and saw 8 of its levels.
You also visited: Sewer.

You collected 350 gold pieces.

Inventory:

Armour
 a - a +0 robe (worn)
Jewellery
 f - an amulet of faith (around neck)
 k - a ring of poison resistance (left claw)
 m - an uncursed ring of protection from fire
 y - a +2 ring of strength {unknown}
Wands
 h - a wand of paralysis (16)
Scrolls
 d - a scroll of immolation {unknown}
 e - 2 scrolls of identify
 j - 5 scrolls of remove curse
 n - 2 scrolls of enchant weapon {unknown}
 q - 5 scrolls of teleportation {unknown}
 t - 2 scrolls of blinking {unknown}
 u - a scroll of amnesia {unknown}
 v - a scroll of fog {unknown}
Potions
 c - 3 potions of lignification
 g - a potion of agility
 l - 3 potions of might {unknown}
 o - 2 potions of haste {unknown}
 p - a potion of mutation {unknown}
 r - 2 potions of flight {unknown}
 w - 4 potions of curing {unknown}
 x - a potion of berserk rage {unknown}
 z - a potion of degeneration {unknown}
Books
 s - a book of Conjurations

   Spells                             Type                      Level
   a - Magic Dart                     Conjuration                  1
   b - Searing Ray                    Conjuration                  2
   c - Dazzling Spray                 Conjuration/Hexes            3
   d - Fulminant Prism                Conjuration/Hexes            4
   e - Force Lance                    Conjuration/Translocation    4
   f - Iskenderun's Mystic Blast      Conjuration                  4
Comestibles
 b - 24 rations
 A - 8 chunks of flesh


   Skills:
 - Level 7.1 Fighting
 - Level 2.4 Dodging
 - Level 1.0 Stealth
 - Level 7.0 Unarmed Combat
 * Level 9.6 Invocations


You had 9 spell levels left.
You didn't know any spells.

Dungeon Overview and Level Annotations

Branches:
Dungeon (8/15)             Temple (0/1) D:4
   Lair: D:8-11

Altars:
Cheibriados
Hepliaklqana
Makhleb
Qazlal
Uskayaw
Vehumet
Wu Jian
The Shining One

Shops:
D:6 *


Innate Abilities, Weirdness & Mutations

You are too large for most types of armour.
You have claws for hands.
Your metabolism is lightning-fast.
You like to eat raw meat.
Your natural rate of healing is unusually fast.
You are covered in fur. (AC +1)
You have very tough skin. (AC +2)
Your life essence is reduced to manifest your ancestor. (-10% HP)


Message History

You feel sick.
The killer bee buzzes angrily.
The killer bee barely misses you.
Cuetlachtli hits Joseph with a quarterstaff!!
Joseph hits you but does no damage.
You feel sick.
The killer bee barely misses Cuetlachtli.
Cuetlachtli hits Joseph with a quarterstaff.
The killer bee closely misses Cuetlachtli.
Joseph hits you with an uncursed quarterstaff!
* * * LOW HITPOINT WARNING * * *
The killer bee stings Cuetlachtli but does no damage.
The killer bee stings Cuetlachtli.
The killer bee closely misses Cuetlachtli.
Cuetlachtli hits Joseph with a quarterstaff!
Joseph dies!
You have reached level 10!
Cuetlachtli remembers more of its old skill.
The killer bee stings you.
You die...

.........(.######
>.......#(.......
.....(..#(.######
#......#..######
.......y.......
.......yR......
.#....#y)######.#
........y.......#
....[....@..####
.........##.#
.........# .#
.........# #
...#......
..##......
#...#.. %.....


You could see the friendly Cuetlachtli the battlemage and 4 killer bees.

Vanquished Creatures
  The ghost of Mrkan the Grappler, a novice TrMo of Ru (D:6)
  Menkaure (D:7)
  An ice beast (D:7)
  An orc warrior (D:6)
  2 sky beasts (D:6)
  An ogre (D:7)
  A phantom (D:4)
  3 centaurs
  The ghost of Mrkan the Cudgeler, an amateur GrFi (D:3)
  A bullfrog (D:6)
  A scorpion (D:6)
  A killer bee (D:7)
  3 crimson imps
  A centaur skeleton (D:5)
  3 orc priests
  3 hounds
  4 orc wizards
  3 iguanas
  Terence (D:2)
  Natasha (D:3)
  5 worker ants
  A hound skeleton (D:6)
  3 gnolls
  5 adders
  2 oozes (D:2)
  An adder zombie (D:6)
  2 worms (D:2)
  A dart slug (D:3)
  8 leopard geckos
  18 orcs
  3 ball pythons
  9 giant cockroaches
  7 goblins
  7 hobgoblins
  4 jackals
  A quokka (D:7)
  3 bats
  4 frilled lizards (D:3)
  A giant cockroach zombie (D:6)
  9 kobolds
  6 rats
  A plant (D:1)
135 creatures vanquished.

Vanquished Creatures (collateral kills)
  Joseph (D:8)
  A water moccasin (D:5)
  2 orc warriors
  2 phantoms (D:7)
  A black bear (D:7)
  A centaur (D:7)
  A big kobold (Sewer)
  3 killer bees (D:7)
  2 howler monkeys (D:7)
  A crimson imp (D:5)
  2 orc priests
  2 hounds
  A gnoll shaman (D:7)
  A worker ant (D:4)
  3 orc wizards
  2 hound skeletons
  6 gnolls
  An adder zombie (D:6)
  2 worms (D:3)
  2 dart slugs
  3 leopard geckos
  7 orcs
  2 hobgoblins (D:3)
  5 jackals
  3 kobolds
  A quokka (D:4)
  3 rats
61 creatures vanquished.

Vanquished Creatures (others)
  4 battlemagi
  A giant cockroach (D:3)
  A bat (D:3)
6 creatures vanquished.

Grand Total: 202 creatures vanquished

Notes
Turn   | Place    | Note
-------+----------+-------------------------------------------
     0 | D:1      | Mrkan the Troll Monk began the quest for the Orb.
     0 | D:1      | Reached XP level 1. HP: 22/22 MP: 0/0
   206 | D:1      | Reached XP level 2. HP: 29/29 MP: 1/1
   704 | D:2      | Reached XP level 3. HP: 34/36 MP: 2/2
   716 | D:2      | Noticed Terence
   722 | D:2      | Killed Terence
   777 | D:2      | Reached skill level 5 in Unarmed Combat
   777 | D:2      | Reached XP level 4. HP: 44/44 MP: 3/3
   918 | D:2      | Found a snail-covered altar of Cheibriados.
   931 | D:2      | Found a hazy altar of Hepliaklqana.
   931 | D:2      | Found an ornate altar of the Wu Jian Council.
   958 | D:2      | Became a worshipper of Hepliaklqana the Forgotten
   958 | D:2      | Reached * piety under Hepliaklqana
   958 | D:2      | Reached ** piety under Hepliaklqana
   959 | D:2      | Remembered your ancestor Cuetlachtli as a battlemage
  1270 | D:3      | Found a glowing drain.
  1298 | Sewer    | Entered a sewer
  1362 | Sewer    | Noticed a big kobold
  1371 | Sewer    | Killed a big kobold
  1371 | Sewer    | Reached XP level 5. HP: 45/45 MP: 4/4
  1386 | Sewer    | Found a white marble altar of Elyvilon.
  1602 | D:3      | Noticed Mrkan's ghost (amateur GrFi)
  1626 | D:3      | Killed Mrkan's ghost
  1626 | D:3      | Reached XP level 6. HP: 34/53 MP: 5/5
  1985 | D:3      | Noticed Natasha
  1992 | D:3      | Killed Natasha
  2282 | D:4      | Found a snail-covered altar of Cheibriados.
  2592 | D:4      | Reached XP level 7. HP: 61/61 MP: 6/6
  3103 | D:4      | Found a staircase to the Ecumenical Temple.
  3412 | D:5      | Entered Level 5 of the Dungeon
  3421 | D:5      | Reached skill level 5 in Fighting
  3461 | D:5      | Reached *** piety under Hepliaklqana
  3523 | D:5      | Found a hide-covered altar of Uskayaw.
  3604 | D:5      | Reached XP level 8. HP: 62/74 MP: 7/7
  3729 | D:5      | Found a glowing golden altar of the Shining One.
  3835 | D:5      | Found a burning altar of Makhleb.
  3836 | D:5      | Found a radiant altar of Vehumet.
  4185 | D:6      | Noticed Mrkan's ghost (novice TrMo)
  4215 | D:6      | Killed Mrkan's ghost
  4215 | D:6      | Reached skill level 4 in Invocations
  4375 | D:6      | Reached skill level 5 in Invocations
  4440 | D:6      | Reached XP level 9. HP: 81/83 MP: 11/11
  4584 | D:6      | Reached skill level 6 in Invocations
  4611 | D:6      | Found Hineeg Fiod's General Store.
  4969 | D:7      | Reached skill level 7 in Invocations
  5126 | D:7      | Noticed Menkaure
  5136 | D:7      | Killed Menkaure
  5255 | D:7      | Reached skill level 8 in Invocations
  5396 | D:7      | Reached **** piety under Hepliaklqana
  5438 | D:7      | Reached skill level 9 in Invocations
  5740 | D:8      | Found a stormy altar of Qazlal.
  5766 | D:8      | Noticed Joseph
  5777 | D:8      | HP: 4/83 [Joseph/uncursed quarterstaff (13)]
  5780 | D:8      | HP: 1/83 [Joseph/uncursed quarterstaff (7)]
  5781 | D:8      | Killed Joseph
  5781 | D:8      | Reached XP level 10. HP: 2/91 MP: 14/16
  5781 | D:8      | Slain by a killer bee

Skill      XL: |  1  2  3  4  5  6  7  8  9 |
---------------+----------------------------+-----
Unarmed Combat | 4 5 6 7 |  7.0
Fighting       | 3 6 7 |  7.1
Invocations    | 5 9 |  9.6
Dodging        | |  2.4
Stealth        | |  1.0

Action                   |  1- 3 |  4- 6 |  7- 9 | 10-12 || total
-------------------------+-------+-------+-------+-------++-------
Melee: Unarmed           |    72 |   108 |   204 |       ||   384
       Punch             |     1 |     2 |    12 |       ||    15
Invok: Ancestor Life: Ba |       |     1 |       |       ||     1
       Ancestor Identity |       |     1 |       |       ||     1
  Use: Scroll            |       |       |     7 |       ||     7
       Potion            |       |       |     5 |       ||     5
 Stab: Sleeping          |     4 |     2 |     2 |       ||     8
       Distracted        |       |     1 |     1 |       ||     2
  Eat: Chunk             |    13 |    16 |    30 |       ||    59
Armor: Robe              |    16 |    37 |    49 |       ||   102
       Skin              |       |       |     4 |       ||     4
Dodge: Dodged            |    22 |    48 |   115 |       ||   185
